 Dungeon Crawl Stone Soup version 0.31.0-11-ge490571c62 (webtiles) character file.

Game seed: 3019426184723362382

1347 Drazool the Gusty (level 8, -9/56 HPs)
             Began as a Vampire Air Elementalist on Jan 27, 2024.
             Killed from afar by an acid dragon (33 damage)
             ... with a splash of acid
             ... on level 7 of the Dungeon.
             The game lasted 00:26:51 (7049 turns).

Drazool the Gusty (Vampire Air Elementalist)        Turns: 7049, Time: 00:26:52

Health: -9/56      AC: -2    Str:  7    XL:     8   Next: 36%
Magic:  10/17      EV: 13    Int: 20    God:
Gold:   312        SH:  0    Dex: 14    Spells: 7/19 levels left

rFire   . . .        l - +3 dagger (drain)
rCold   . . .        (no shield)
rNeg    . . .        a - +0 robe
rPois   +            D - +2 helmet {SInv}
rElec   .            u - +0 cloak
rCorr   .            (no gloves)
SInv    +            (no boots)
Will    .....        s - amulet of magic regeneration
Stlth   ++           P - ring of poison resistance
HPRegen 0.49/turn    (no ring)
MPRegen 0.55/turn

%: no passive effects
@: corroded, healing quickly
A: alive, fangs 3, see invisible, vampiric 2
a: Exsanguinate


You were on level 7 of the Dungeon.
You visited 1 branch of the dungeon, and saw 7 of its levels.

You collected 469 gold pieces.
You spent 157 gold pieces at shops.


Innate Abilities, Weirdness & Mutations

Your natural rate of healing is accelerated.
You have razor-sharp teeth.
You have supernaturally acute eyesight. (SInv)
You are afflicted with vampirism and can become a bat while bloodless.


   Skills:
 + Level 2.1 Fighting
 - Level 4.0 Dodging
 - Level 3.0 Stealth
 - Level 6.0 Spellcasting
 - Level 3.0 Conjurations
 - Level 6.0 Air Magic
 - Level 2.0 Evocations


You had 7 spell levels left.
You knew the following spells:

 Your Spells              Type           Power      Damage    Failure   Level
a - Airstrike             Air            15%        2d(3-19)  9%          4
i - Swiftness             Air            30%        N/A       2%          3
s - Searing Ray           Conj           36%        2d5       4%          2
t - Static Discharge      Conj/Air       48%        3-5/arc   2%          2
z - Shock                 Conj/Air       96%        1d9       1%          1

Your spell library contained the following spells:

 Spells                   Type           Power      Damage    Failure   Level
 Magic Dart               Conj           72%        1d6       3%          1
 Sting                    Conj/Alch      48%        1d6       5%          1
 Apportation              Tloc           12%        N/A       11%         1
 Necrotise                Necr           24%        1d5       11%         1
 Summon Small Mammal      Summ           24%        N/A       11%         1
 Ensorcelled Hibernation  Hex/Ice        12%        N/A       16%         2
 Fugue of the Fallen      Necr           6%         N/A       30%         3
 Fulminant Prism          Conj/Alch      6%         3d7       50%         4
 Anguish                  Hex/Necr       3%         N/A       71%         4

Inventory:

Hand Weapons
 c - a +0 dagger
 l - a +3 dagger of draining (weapon)
 C - a +3 long sword
Armour
 a - a +0 robe (worn)
 u - a +0 cloak (worn)
 D - a +2 helmet of see invisible (worn)
Magical Staves
 z - a staff of earth {!a}
 B - a staff of fire {!a}
Jewellery
 s - an amulet of magic regeneration (around neck)
 N - a ring of positive energy
 P - a ring of poison resistance (left hand)
Wands
 j - a wand of flame (25)
 A - a wand of iceblast (5)
Scrolls
 e - a scroll of vulnerability
 h - a scroll of enchant weapon {unknown}
 i - 3 scrolls of noise
 k - a scroll of fog
 t - 3 scrolls of teleportation {@r2}
 v - 2 scrolls of poison
 w - a scroll of immolation
 x - a scroll of revelation {unknown}
 y - a scroll of enchant armour {unknown}
Potions
 b - 3 potions of magic
 d - 2 potions of might {unknown}
 f - a potion of enlightenment {unknown}
 g - 6 potions of curing {@q1}
 m - 2 potions of heal wounds {unknown}
 n - a potion of ambrosia {unknown}
 o - a potion of cancellation {unknown}
 p - 2 potions of attraction {unknown}
 q - 2 potions of mutation {unknown}
 r - 2 potions of lignification {unknown}

Dungeon Overview and Level Annotations

Branches:
Dungeon (7/15)
 Temple: D:4-7

Altars:
Ashenzari
Dithmenos
Makhleb
Okawaru
Xom
Yredelemnul

Shops:
D:7

[ ... ........ #..#
....... #..#
#.....##
###...###... ...
#.#~~...~~##[#..#
#.#~..♣..~##.#.####
#.................#
#...♣.⚑.♣@D..#
#.........#........
#~..♣..~#......>..
#~~.r.~~###.......
###...### #......
##..## #......
##..# #.#####
##.### #.# #...#
#.#


You could see an acid dragon (catching breath) and a neutral quokka (wandering).


Message History

Casting: Searing Ray (safe; 4% risk of failure)
Confirm with . or Enter, or press ? or * to list all spells.
Aiming: Airstrike (dangerous; 9% risk of failure)
Press: ? - help, Dir - move target, f/p - acid dragon
Aim: an acid dragon (moderately wounded, catching its breath, empty space bonus: 6/8)
The air twists around and strikes the acid dragon!
The acid dragon is heavily wounded.
Unknown command.
Casting: Airstrike (dangerous; 9% risk of failure)
Confirm with . or Enter, or press ? or * to list all spells.
Aiming: Searing Ray (safe; 4% risk of failure)
Press: ? - help, Shift-Dir - straight line, f/p - acid dragon
Aim: an acid dragon (heavily wounded, 78% to hit)
The searing ray hits the acid dragon.
The acid dragon is severely wounded. (Press . to maintain the ray.)
The acid dragon spits acid at you. The splash of acid hits you!!
* * * LOW HITPOINT WARNING * * *
The acid corrodes you!
You hear a shout!
The searing ray hits the acid dragon!
The acid dragon is almost dead.
Unknown command.
The searing ray hits the acid dragon.
The acid dragon is almost dead.
The acid dragon spits acid at you. The splash of acid hits you!!
Ouch! That really hurt!
You die...

Skill      XL: |  1  2  3  4  5  6  7  8 |
---------------+-------------------------+-----
Air Magic      | 4 5 6 |  6.0
Spellcasting   | 3 4 5 6 |  6.0
Fighting       | 1 2 |  2.1
Conjurations   | 3 |  3.0
Dodging        | 4 |  4.0
Evocations     | 2 |  2.0
Stealth        | |  3.0

Action                     |  1- 3 |  4- 6 |  7- 9 || total
---------------------------+-------+-------+-------++-------
  Melee: Dagger            |    13 |    43 |     4 ||    60
         Bite              |     3 |     3 |     1 ||     7
         Punch             |     1 |       |       ||     1
         Staff             |       |       |     6 ||     6
   Cast: Shock             |    76 |    85 |    59 ||   220
         Static Discharge  |    12 |    30 |    16 ||    58
         Airstrike         |       |       |    22 ||    22
         Searing Ray       |       |       |     3 ||     3
Ability: Exsanguinate      |     1 |       |       ||     1
         Revivify          |       |     1 |       ||     1
  Evoke: Wand              |       |       |     2 ||     2
    Use: Scroll            |       |     3 |     5 ||     8
 Armour: Robe              |    24 |    65 |    34 ||   123
  Dodge: Dodged            |    14 |    36 |    23 ||    73

Levels and vault maps discovered:
D:1:      beargit_arrival_greenhouse, layout_basic, minmay_pentomino_o4
D:2:      minmay_recursive_quarters, layout_rooms,
          hellmonk_ecumenical_altar_lost_god, hangedman_abyss_or_decor_stabs
D:3:      layout_basic, lemuel_round_altar, marbit_many_paths
D:4:      layout_gridville, amcnicky_altar_gilded
D:5:      layout_loops_ring, regret_index_xom_buried_treasure
D:6:      layout_rooms, lightli_temple_of_fire,
          grunt_dithmenos_smoke_and_mirrors
D:7:      layout_loops_corners, zin_scriptorium, mainiacjoe_overflow_alcove_1,
          elyvilon_altar_4, nicolae_sif_muna_condensation, temple_doors_cd,
          serial_shops, shop, kb_lookout_dungeons_type, corexii_checkpoint,
          uniq_prince_ribbit1

Notes
Turn   | Place    | Note
-------+----------+-------------------------------------------
     0 | D:1      | Drazool the Vampire Air Elementalist began the quest for
                  | the Orb.
     0 | D:1      | Reached XP level 1. HP: 13/13 MP: 3/3
   202 | D:1      | Reached XP level 2. HP: 11/15 MP: 1/5
   205 | D:1      | Learned a level 2 spell: Static Discharge
   561 | D:1      | Reached skill level 4 in Air Magic
   783 | D:1      | Gained mutation: You are afflicted with vampirism and can
                  | become a bat while bloodless. [Vampire growth]
   783 | D:1      | Reached XP level 3. HP: 19/19 MP: 2/6
  1236 | D:1      | Learned a level 3 spell: Swiftness
  1766 | D:2      | Found a faded altar of an unknown god.
  2076 | D:2      | Reached skill level 5 in Air Magic
  2076 | D:2      | Reached XP level 4. HP: 19/24 MP: 1/7
  3329 | D:3      | Found a basalt altar of Yredelemnul.
  3462 | D:3      | Reached skill level 3 in Spellcasting
  3479 | D:3      | Found an iron altar of Okawaru.
  3581 | D:4      | Noticed a phantom
  3645 | D:3      | Reached XP level 5. HP: 21/28 MP: 6/9
  3839 | D:4      | Found a broken altar of Ashenzari.
  3899 | D:4      | Killed a phantom
  3900 | D:4      | Reached skill level 4 in Spellcasting
  3900 | D:4      | Reached skill level 1 in Fighting
  3975 | D:4      | Reached XP level 6. HP: 20/35 MP: 12/12
  4068 | D:4      | Reached skill level 2 in Fighting
  4085 | D:4      | Reached skill level 1 in Conjurations
  4215 | D:4      | Reached skill level 2 in Conjurations
  4687 | D:4      | Reached skill level 3 in Conjurations
  4692 | D:4      | Learned a level 4 spell: Airstrike
  4854 | D:4      | Reached XP level 7. HP: 41/45 MP: 10/13
  4983 | D:5      | Entered Level 5 of the Dungeon
  5113 | D:5      | Reached skill level 6 in Air Magic
  5304 | D:5      | Reached skill level 5 in Spellcasting
  5383 | D:5      | Reached skill level 3 in Dodging
  5668 | D:5      | Reached skill level 4 in Dodging
  5668 | D:5      | Reached XP level 8. HP: 56/56 MP: 7/15
  5994 | D:5      | Found a shimmering altar of Xom.
  6112 | D:6      | Reached skill level 1 in Evocations
  6117 | D:6      | Reached skill level 2 in Evocations
  6545 | D:6      | Found a burning altar of Makhleb.
  6696 | D:6      | Found a shadowy altar of Dithmenos.
  6939 | D:7      | Reached skill level 6 in Spellcasting
  6942 | D:7      | Learned a level 2 spell: Searing Ray
  6998 | D:7      | Found Opruicwu's Antique Armour Shoppe.
  7017 | D:7      | Bought a runed helmet for 157 gold pieces
  7049 | D:7      | Killed from afar by an acid dragon

Vanquished Creatures
  A steam dragon (D:6)
  A black bear (D:5)
  An ice beast (D:5)
  An ogre (D:5)
  A phantom (D:4)
  A scorpion (D:6)
  A howler monkey (D:6)
  3 hounds
  2 jellies
  2 bombardier beetles
  6 orc priests
  2 sleepcaps
  2 orc wizards
  6 adders
  8 gnolls
  A shadow imp (D:6)
  2 ufetubi (D:7)
  4 dart slugs
  3 ribbon worms
  19 orcs
  9 bats
  9 endoplasms
  3 giant cockroaches
  7 goblins
  12 hobgoblins
  9 jackals
  7 kobolds
  4 quokkas
  4 ball pythons
  3 frilled lizards
  7 rats
141 creatures vanquished.

Table legend: (Time is in decaauts)
 A = Elapsed time spent in this place.
 B = Non-inter-level travel time spent in this place.
 C = Inter-level travel time spent in this place.
 D = Time resting spent in this place.
 E = Time spent auto-exploring this place.
 F = Levels seen in this place.
 G = Mean time per level.
                   A        B        C        D        E       F      G
               +--------+--------+--------+--------+--------+-----+--------+
         Total |   7052 |   6742 |    310 |    606 |   4968 |   7 | 1007.4 |
       Dungeon |   7052 |   6742 |    310 |    606 |   4968 |   7 | 1007.4 |
               +--------+--------+--------+--------+--------+-----+--------+

Top non-repeatable levels by time:
     D:2: 1328 daAuts
     D:4: 1306 daAuts
     D:1: 1255 daAuts
     D:5: 1196 daAuts
     D:3: 1149 daAuts
     D:6: 612 daAuts
     D:7: 203 daAuts

Table legend:
 A = Non-vault XP
 B = Vault XP
 C = Vault XP percentage of total XP
 D = Non-vault monster count
 E = Vault monster count
 F = Vault count percentage of total count
                 A         B        C        D         E       F
            +---------+---------+-------+---------+---------+-------
      Total |    1872 |      53 |   2.8 |     130 |      11 |   7.8
            +---------+---------+-------+---------+---------+-------
        D:1 |      48 |       2 |   4.0 |      24 |       2 |   7.7
        D:2 |      44 |      38 |  46.3 |      18 |       8 |  30.8
        D:3 |      64 |      13 |  16.9 |      21 |       1 |   4.5
        D:4 |     550 |       0 |   0.0 |      37 |       0 |   0.0
        D:5 |     688 |       0 |   0.0 |      17 |       0 |   0.0
        D:6 |     416 |       0 |   0.0 |       7 |       0 |   0.0
        D:7 |      62 |       0 |   0.0 |       6 |       0 |   0.0
            +---------+---------+-------+---------+---------+-------
